 Dungeon Crawl Stone Soup version 0.31-a0-7-g51783674b7 (webtiles) character file.

Game seed: 14332250972108062397

4662 sasquatch the Reanimator (level 10, 67/67 HPs)
             Began as a Demonspawn Necromancer on Apr 4, 2023.
             Quit the game on level 8 of the Dungeon on May 5, 2023.
             The game lasted 00:22:32 (8277 turns).

sasquatch the Reanimator (Demonspawn Necromancer)   Turns: 8277, Time: 00:22:32

Health: 67/67      AC: 10    Str: 13    XL:     10   Next: 20%
Magic:  24/24      EV: 10    Int: 20    God:
Gold:   63         SH:  0    Dex: 14    Spells: 16/29 levels left

rFire   + . .        e - +5 war axe of Upheaval {freeze, *Noise rElec Str+4}
rCold   + . .        (no shield)
rNeg    . . .        m - +2 ring mail {rC+}
rPois   .            q - +0 hat
rElec   +            (no cloak)
rCorr   .            (no gloves)
SInv    .            g - +0 pair of boots
Will    .....        (no amulet)
Stlth   +            j - ring of protection from fire
HPRegen 0.31/turn    (no ring)
MPRegen 0.19/turn

%: no passive effects
@: no status effects
A: hooves 2, thin metallic scales 1, demonic guardian 2, demonic magic 1
a: no special abilities


You were on level 8 of the Dungeon.
You visited 1 branch of the dungeon, and saw 9 of its levels.

You collected 391 gold pieces.
You spent 328 gold pieces at shops.

Inventory:

Hand Weapons
 e - the +5 war axe of Upheaval (weapon) {freeze, *Noise rElec Str+4}
   (You found it on level 4 of the Dungeon)

   Str:       It affects your strength (+4).
   rElec:     It insulates you from electricity.
   *Noise:    It may make noises in combat.
Missiles
 t - 25 poisoned darts
 z - 3 boomerangs
Armour
 g - a +0 pair of boots (worn)
 m - a +2 ring mail of cold resistance (worn)
 q - a +0 hat (worn)
 y - a +0 buckler
 E - the +0 leather armour "Owew" {rElec}
   (You bought it in a shop on level 8 of the Dungeon)

   rElec:     It insulates you from electricity.
Magical Staves
 A - a staff of conjuration
Jewellery
 j - a ring of protection from fire (left hand)
Wands
 C - a wand of flame (18)
Scrolls
 a - a scroll of identify
 c - a scroll of poison
 f - 5 scrolls of teleportation
 i - 4 scrolls of amnesia
 n - a scroll of fog
 o - 2 scrolls of vulnerability {unknown}
 u - 2 scrolls of blinking
 v - a scroll of enchant weapon
 B - a scroll of fear {unknown}
Potions
 b - 4 potions of magic
 d - a potion of ambrosia
 h - 3 potions of curing
 k - a potion of haste
 l - a potion of mutation
 p - a potion of flight
 r - a potion of attraction
 s - a potion of might
 w - 4 potions of heal wounds
 x - 2 potions of invisibility
 D - 3 potions of cancellation {unknown}


   Skills:
 + Level 1.7 Fighting
 - Level 1.7 Dodging
 - Level 1.7 Stealth
 - Level 10.0 Spellcasting
 + Level 1.7 Conjurations
 - Level 14.0 Necromancy


You had 16 spell levels left.
You knew the following spells:

 Your Spells              Type           Power      Damage    Failure   Level
a - Necrotise             Necr           100%       1d9       1%          1
b - Vampiric Draining     Necr           60%        2d10      1%          3
c - Agony                 Necr           60%        N/A       1%          5
d - Animate Dead          Necr           60%        N/A       1%          4

Your spell library contained the following spells:

 Spells                   Type           Power      Damage    Failure   Level


Dungeon Overview and Level Annotations

Branches:
Dungeon (9/15)             Temple (0/1) D:6            Lair (0/5) D:8
    Orc: D:9-12

Altars:
Ashenzari
Cheibriados
Dithmenos
Fedhas
Nemelex Xobeh
Trog

Shops:
D:3 ::!(   D:8 [((

Annotations:
D:3 1 runed translucent door, Grinder; monoptic's ghost, weakling SpEn


Innate Abilities, Weirdness & Mutations

You have hoof-like feet.
You are partially covered in thin metallic scales. (AC +2)
A demonic guardian rushes to your aid.
Spells you cast may paralyse adjacent enemies.


Message History

E - the +0 leather armour "Owew" {rElec} Thank you for shopping at Nixex's Antique Armour Boutique!
There are no items here.
You swap places.
b - 4 potions of magic (gained 2)
You swap places.
You swap places.
You now have 63 gold pieces (gained 12).
You swap places.
Found Igiptu's Antique Weapon Boutique.
w - 4 potions of heal wounds (gained 2)
There is an entrance to Igiptu's Antique Weapon Boutique here.
Done exploring.
Done exploring.
You swap places.
You swap places.
There is a stone staircase leading down here.
You climb downwards.
Your mindless puppets stay behind to rot.
The two-headed ogre shouts in stereo!
Found a scroll of teleportation.
Found a stone staircase leading down.
There is a stone staircase leading up here.
You climb upwards.
Your kobold zombie crumbles into dust!
Your sky beast zombie crumbles into dust!
Your kobold zombie crumbles into dust!
Your ice beast zombie crumbles into dust!
There is a stone staircase leading down here.
Saving game... please wait.
Welcome back, sasquatch the Demonspawn Necromancer.
Press ? for a list of commands and other information.
Done exploring.
Are you sure you want to abandon this character and quit the game? (Confirm with "yes".)
Okay, then.
Saving game... please wait.
Welcome back, sasquatch the Demonspawn Necromancer.
Press ? for a list of commands and other information.
Welcome back, sasquatch the Demonspawn Necromancer.
Press ? for a list of commands and other information.
Are you sure you want to abandon this character and quit the game? (Confirm with "yes".)

............####.####
..........#####..#
..........# #...##
..........###.###
..........##..#############
..........#..###......∩...#
..........#.####..........#
#..########...............#
#..####..ZZ..###@.........#
#..##.Z.##..####..........#
Z..ZZ....#.....#####.######
................###..#
.#...............##.##
##...............##.#
##.>............<##.#
#...............##.#
#...............##.#


There were no monsters in sight!

Vanquished Creatures
  A rime drake (D:8)
  4 yaks
  A steam dragon (D:8)
  2 water moccasins (D:7)
  4 ice beasts
  A sky beast (D:8)
  A black bear (D:6)
  2 ogres (D:5)
  A wolf (D:8)
  A centaur (D:7)
  3 kobold brigands
  2 scorpions (D:5)
  3 bullfrogs
  A killer bee (D:8)
  A howler monkey (D:8)
  3 jellies
  2 hounds
  2 orc priests (D:6)
  A sleepcap (D:5)
  3 iguanas (D:4)
  Natasha (D:4)
  2 orc wizards (D:6)
  5 gnolls (D:4)
  8 adders
  A worm (D:3)
  2 dart slugs
  5 orcs
  4 ball pythons
  4 endoplasms
  2 giant cockroaches
  4 goblins
  2 hobgoblins (D:2)
  3 jackals
  14 kobolds
  A quokka (D:5)
  3 bats
  3 frilled lizards (D:2)
  6 rats
109 creatures vanquished.

Vanquished Creatures (collateral kills)
  A yak (D:7)
  A water moccasin (D:8)
  4 ice beasts (D:8)
  A wolf (D:8)
  2 kobold brigands
  2 bullfrogs
  A scorpion (D:5)
  2 killer bees (D:8)
  A hound (D:5)
  2 jellies
  An orc priest (D:8)
  An orc wizard (D:8)
  2 gnolls (D:4)
  An adder (D:5)
  2 dart slugs
  2 orcs
  A goblin (D:2)
  A hobgoblin (D:2)
  2 jackals (D:5)
  4 kobolds
34 creatures vanquished.

Vanquished Creatures (others)
  A yak (D:8)
  A wolf (D:8)
  A wolf zombie (D:8)
  A bullfrog zombie (D:8)
  3 killer bee zombies (D:8)
  An ice beast zombie (D:8)
  An ogre zombie (D:5)
  An adder zombie (D:5)
  A gnoll zombie (D:4)
  An endoplasm zombie (D:4)
  A jackal zombie (D:4)
  5 kobold zombies
  4 orc zombies
22 creatures vanquished.

Grand Total: 165 creatures vanquished

Notes
Turn   | Place    | Note
-------+----------+-------------------------------------------
     0 | D:1      | sasquatch the Demonspawn Necromancer began the quest for
                  | the Orb.
     0 | D:1      | Reached XP level 1. HP: 13/13 MP: 3/3
   358 | D:1      | Found a faded altar of an unknown god.
  1058 | D:2      | Gained mutation: You are partially covered in thin metallic
                  | scales. (AC +2) [demonic ancestry]
  1058 | D:2      | Reached XP level 2. HP: 11/19 MP: 1/5
  1112 | D:2      | Reached skill level 5 in Necromancy
  1196 | D:2      | Reached XP level 3. HP: 22/24 MP: 3/6
  1827 | D:3      | Learned a level 3 spell: Vampiric Draining
  1878 | D:3      | Found Kaxip's Distillery.
  1902 | D:3      | Found a runed translucent door.
  1902 | D:3      | Noticed monoptic's ghost (weakling SpEn)
  1909 | D:3      | Gained mutation: Spells you cast may paralyse adjacent
                  | enemies. [demonic ancestry]
  1909 | D:3      | Reached XP level 4. HP: 30/30 MP: 6/8
  1929 | D:3      | Bought a potion of heal wounds for 65 gold pieces
  1929 | D:3      | Bought a potion of curing for 39 gold pieces
  2012 | D:3      | Found Usal's Book Shop.
  2185 | D:3      | Found Xuus's Book Emporium.
  2343 | D:3      | Found Ohide's Weapon Shop.
  2562 | D:3      | Noticed Grinder
  2570 | D:3      | Paralysed by Grinder for 4 turns
  2576 | D:3      | Reached skill level 11 in Necromancy
  2576 | D:3      | Gained mutation: You have large cloven feet. [demonic
                  | ancestry]
  2576 | D:3      | Reached XP level 5. HP: 32/35 MP: 9/14
  2631 | D:3      | Learned a level 5 spell: Agony
  2636 | D:3      | Learned a level 4 spell: Animate Dead
  2731 | D:4      | Found a bloodstained altar of Trog.
  2871 | D:4      | Identified the +5 war axe of Upheaval {freeze, *Noise rElec
                  | Str+4}
  3043 | D:4      | Noticed Natasha
  3054 | D:4      | Killed Natasha
  3340 | D:4      | Gained mutation: A weak demonic guardian rushes to your
                  | aid. [demonic ancestry]
  3340 | D:4      | Reached XP level 6. HP: 41/41 MP: 6/15
  3535 | D:4      | Found a snail-covered altar of Cheibriados.
  3842 | D:4      | Found a blossoming altar of Fedhas.
  4336 | D:5      | Entered Level 5 of the Dungeon
  4423 | D:5      | Reached skill level 12 in Necromancy
  4474 | D:5      | Gained mutation: You have hoof-like feet. [demonic
                  | ancestry]
  4474 | D:5      | Reached XP level 7. HP: 46/46 MP: 1/17
  4770 | D:5      | Found a shadowy altar of Dithmenos.
  4929 | D:5      | Upgraded the game from 0.30-a0-996-ga6910c8ee8 to
                  | 0.30-a0-1016-gfb0d676c02
  5066 | D:6      | Reached XP level 8. HP: 39/52 MP: 1/19
  5213 | D:6      | Found a staircase to the Ecumenical Temple.
  5711 | D:6      | Reached skill level 13 in Necromancy
  5848 | D:6      | Found a sparkling altar of Nemelex Xobeh.
  5857 | D:6      | Found a broken altar of Ashenzari.
  6818 | D:7      | Gained mutation: A demonic guardian rushes to your aid.
                  | [demonic ancestry]
  6818 | D:7      | Reached XP level 9. HP: 31/57 MP: 5/21
  7253 | D:8      | Reached skill level 14 in Necromancy
  7525 | D:8      | Found Dessic's Weapon Emporium.
  7557 | D:8      | Noticed a rime drake
  7569 | D:8      | Killed a rime drake
  7570 | D:8      | Reached XP level 10. HP: 20/63 MP: 4/23
  7832 | D:8      | Reached skill level 10 in Spellcasting
  7888 | D:8      | Reached skill level 1 in Fighting
  7888 | D:8      | Reached skill level 1 in Conjurations
  8026 | D:8      | Found a staircase to the Lair.
  8109 | D:8      | Found Nixex's Antique Armour Boutique.
  8163 | D:8      | Bought a glimmering leather armour for 224 gold pieces
  8163 | D:8      | Identified the +0 leather armour "Owew" {rElec} (You bought
                  | it in a shop on level 8 of the Dungeon)
  8258 | D:8      | Found Igiptu's Antique Weapon Boutique.
  8274 | D:9      | Noticed a two-headed ogre
  8277 | D:8      | Upgraded the game from 0.30-a0-1016-gfb0d676c02 to
                  | 0.30-a0-1094-g860fb061e7
  8277 | D:8      | Upgraded the game from 0.30-a0-1094-g860fb061e7 to
                  | 0.31-a0-7-g51783674b7
  8277 | D:8      | Quit the game

Illustrated notes

Levels and vault maps discovered:
D:1:      dpeg_arrival_rhombi, layout_basic, dreamdust_ecumenical_altar_grove,
          roderic_lattice_a, chequers_jeans
D:2:      layout_rooms, amethyst_killhole
D:3:      layout_loops_ring, ebering_ghost_inner_flame, serial_shops,
          nicolae_shop_waterfront, shop, nicolae_shop_advertising_works
          [nicolae_subvault_shop_adworks], nicolae_shop_trees, uniq_grinder
D:4:      wander_river, layout_loops_corners,
          mainiacjoe_overflow_small_starburst, mainiacjoe_overflow_alcove_4,
          cheibriados_altar_1, uniq_natasha
D:5:      layout_rooms, nicolae_dithmenos_the_darkroom,
          nicolae_elevator_lobby_asterisk
D:6:      layout_loops_cross, mainiacjoe_overflow_swirl,
          minmay_temple_entry_wispy, nicolae_nh_ransacked_shop
D:7:      layout_loops_corners, hangedman_decor_slide_cut,
          kennysheep_cross_bottleneck
D:8:      layout_rooms, hellmonk_lair_entry_icy, serial_shops, shop, shop,
          nicolae_shop_stone, blue_anna_alchemist
D:9:      layout_loops_cross, kennysheep_boxes

Skill      XL: |  1  2  3  4  5  6  7  8  9 10 |
---------------+-------------------------------+-----
Necromancy     | 5 11 12 13 14 | 14.0
Spellcasting   | 6 7 8 9 10 | 10.0
Fighting       | 1 |  1.7
Conjurations   | 1 |  1.7
Dodging        | |  1.7
Stealth        | |  1.7

Action                     |  1- 3 |  4- 6 |  7- 9 | 10-12 || total
---------------------------+-------+-------+-------+-------++-------
  Melee: Unarmed           |     8 |     2 |       |       ||    10
         War axe           |       |     9 |    29 |     8 ||    46
   Cast: Necrotise         |    42 |    84 |   158 |    28 ||   312
         Animate Dead      |       |    12 |     6 |     1 ||    19
         Agony             |       |     1 |       |       ||     1
         Vampiric Draining |       |       |     5 |       ||     5
    Use: Potion            |       |     2 |     3 |       ||     5
         Scroll            |       |    10 |     5 |       ||    15
   Stab: Sleeping          |       |     1 |     1 |       ||     2
         Paralysed         |       |       |     5 |       ||     5
         Distracted        |       |       |     1 |     1 ||     2
 Armour: Robe              |    16 |    15 |    10 |       ||    41
         Ring mail         |       |       |    58 |     7 ||    65
  Dodge: Dodged            |    22 |    41 |    77 |     7 ||   147

Table legend: (Time is in decaauts)
 A = Elapsed time spent in this place.
 B = Non-inter-level travel time spent in this place.
 C = Inter-level travel time spent in this place.
 D = Time resting spent in this place.
 E = Time spent auto-exploring this place.
 F = Levels seen in this place.
 G = Mean time per level.
                   A        B        C        D        E       F      G
               +--------+--------+--------+--------+--------+-----+--------+
         Total |   8329 |   8083 |    246 |    143 |   6677 |   9 |  925.4 |
       Dungeon |   8329 |   8083 |    246 |    143 |   6677 |   9 |  925.4 |
               +--------+--------+--------+--------+--------+-----+--------+

Top non-repeatable levels by time:
     D:4: 1686 daAuts
     D:8: 1157 daAuts
     D:7: 1076 daAuts
     D:1: 1013 daAuts
     D:6: 1004 daAuts
     D:3: 933 daAuts
     D:2: 734 daAuts
     D:5: 721 daAuts
     D:9: 1 daAuts
